IL
CHARLOTTE KNIGHTS @ COLUMBUS CLIPPERS
07/18/2048
 
TOP OF THE 1ST
Charlotte Knights batting - Pitching for Columbus Clippers : RHP Roberto Reyes
Pitching: RHP Roberto Reyes
Batting: LHB John Thurman 0-0: Ball
1-0: SINGLE (Line Drive, 34D, EV 95.0 MPH)
Batting: LHB Carlos Ramirez 0-0: Ball
John Thurman steals 2nd base
1-0: Ball
John Thurman steals 3rd, throwing error, E2
John Thurman scores
2-0: Foul Ball, location: 2F
2-1: Foul Ball, location: 2F
2-2: Strikes out swinging
Batting: LHB Jason Bell 0-0: Ground out 6-3 (Groundball, 4, EV 80.0 MPH)
Batting: RHB Ron Johansen 0-0: Foul Ball, location: 2F
0-1: Ball
1-1: Called Strike
1-2: Ball
2-2: Strikes out looking
Top of the 1st over - 1 run, 1 hit, 1 error, 0 left on base; Charlotte 1 - Columbus 0
BOTTOM OF THE 1ST
Columbus Clippers batting - Pitching for Charlotte Knights : RHP Steve Friesner
Pitching: RHP Steve Friesner
Batting: RHB Chang-wei Jiang 0-0: Ball
1-0: Ball
2-0: Called Strike
2-1: Fly out, F8 (Flyball, 8RXD, EV 96.2 MPH)
Batting: LHB Stu Sornson 0-0: Called Strike
0-1: Ball
1-1: Swinging Strike
1-2: Ball
2-2: Foul Ball, location: 2F
2-2: Ball
3-2: Foul Ball, location: 2F
3-2: SINGLE (Groundball, 3D, EV 105.0 MPH)
Batting: LHB Robert Watson 0-0: Swinging Strike
0-1: Ball
1-1: Ball
2-1: Ball
3-1: Ground out U3 (Groundball, 3S, EV 76.9 MPH)
Stu Sornson to second
Batting: LHB Corey Trevor 0-0: Fly out, F7 (Line Drive, 78M, EV 101.9 MPH)
Bottom of the 1st over - 0 runs, 1 hit, 0 errors, 1 left on base; Charlotte 1 - Columbus 0
TOP OF THE 2ND
Charlotte Knights batting - Pitching for Columbus Clippers : RHP Roberto Reyes
Batting: SHB Matt Childers 0-0: Foul Ball, location: 2F
0-1: Ball
1-1: Swinging Strike
1-2: Strikes out swinging
Batting: LHB Adam Tarbutton 0-0: Ball
1-0: Ball
2-0: Foul Ball, location: 2F
2-1: Swinging Strike
2-2: Strikes out swinging
Batting: RHB Micah Brown 0-0: SINGLE (Groundball, 6MD, EV 100.6 MPH)
Batting: RHB Kikuo Sato 0-0: Ball
1-0: Ball
2-0: Foul Ball, location: 2F
2-1: Foul Ball, location: 2F
2-2: Fielders Choice at 2nd, 5-4 (Groundball, 5, EV 86.9 MPH)
Top of the 2nd over - 0 runs, 1 hit, 0 errors, 1 left on base; Charlotte 1 - Columbus 0
BOTTOM OF THE 2ND
Columbus Clippers batting - Pitching for Charlotte Knights : RHP Steve Friesner
Batting: LHB Jack Bell 0-0: Ball
1-0: Swinging Strike
1-1: Ball
2-1: Ground out 6-3 (Groundball, 6M, EV 88.1 MPH)
Batting: LHB Gabe White 0-0: Ball
1-0: SINGLE (Groundball, 6MS, EV 63.8 MPH) (infield hit)
Batting: RHB Stephen Charbonneau 0-0: Ball
1-0: Called Strike
1-1: Grounds into double play, 4-6-3 (Groundball, 4, EV 98.1 MPH)
Bottom of the 2nd over - 0 runs, 1 hit, 0 errors, 0 left on base; Charlotte 1 - Columbus 0
TOP OF THE 3RD
Charlotte Knights batting - Pitching for Columbus Clippers : RHP Roberto Reyes
Batting: RHB Danny Longoria 0-0: Ground out 1-3 (Groundball, 15S, EV 67.5 MPH)
Batting: LHB John Thurman 0-0: Called Strike
0-1: Foul Ball, location: 2F
0-2: Ball
1-2: Ball
2-2: Foul Ball, location: 2F
2-2: Ball
3-2: Base on Balls
Batting: LHB Carlos Ramirez 0-0: Called Strike
0-1: Ball
John Thurman is caught stealing 2nd base 2-6
1-1: Fly out, F7 (Flyball, 7D, EV 105.6 MPH)
Top of the 3rd over - 0 runs, 0 hits, 0 errors, 0 left on base; Charlotte 1 - Columbus 0
BOTTOM OF THE 3RD
Columbus Clippers batting - Pitching for Charlotte Knights : RHP Steve Friesner
Batting: SHB Scott Scott 0-0: Foul Ball, location: 2F
0-1: Called Strike
0-2: Ground out 6-3 (Groundball, 6, EV 78.1 MPH)
Now at SS: Steve Waltenbery
Batting: SHB Dan Hill 0-0: Called Strike
0-1: Foul Ball, location: 2F
0-2: Ground out 4-3 (Groundball, 4M, EV 83.1 MPH)
Batting: RHB Chang-wei Jiang 0-0: Ball
1-0: Ball
2-0: Ball
3-0: Foul Ball, location: 2F
3-1: Called Strike
3-2: Foul Ball, location: 2F
3-2: Strikes out swinging, 2-3 out at first.
Bottom of the 3rd over - 0 runs, 0 hits, 0 errors, 0 left on base; Charlotte 1 - Columbus 0
TOP OF THE 4TH
Charlotte Knights batting - Pitching for Columbus Clippers : RHP Roberto Reyes
Batting: LHB Jason Bell 0-0: Ball
1-0: Called Strike
1-1: Foul Ball, location: 2F
1-2: Foul Ball, location: 2F
1-2: Foul Ball, location: 2F
1-2: Strikes out swinging
Batting: RHB Ron Johansen 0-0: Ball
1-0: Ball
2-0: Foul Ball, location: 2F
2-1: Ball
3-1: Swinging Strike
3-2: Base on Balls
Batting: RHB Steve Waltenbery 0-0: Swinging Strike
0-1: Ball
1-1: Ball
2-1: Foul Ball, location: 2F
2-2: Strikes out looking
Batting: LHB Adam Tarbutton 0-0: Called Strike
Ron Johansen is caught stealing 2nd base 2-6
Top of the 4th over - 0 runs, 0 hits, 0 errors, 0 left on base; Charlotte 1 - Columbus 0
BOTTOM OF THE 4TH
Columbus Clippers batting - Pitching for Charlotte Knights : RHP Steve Friesner
Batting: LHB Stu Sornson 0-0: Called Strike
0-1: Ball
1-1: SINGLE (Groundball, 34D, EV 95.6 MPH)
Batting: LHB Robert Watson 0-0: Ball
1-0: Swinging Strike
1-1: Ball
2-1: Ball
3-1: Base on Balls
Stu Sornson to second
Batting: LHB Corey Trevor 0-0: Ball
1-0: Ball
2-0: Called Strike
2-1: Ball
3-1: Base on Balls
Stu Sornson to third
Robert Watson to second
Batting: LHB Jack Bell 0-0: Foul Ball, location: 2F
0-1: Swinging Strike
0-2: Ball
1-2: Strikes out swinging
Batting: LHB Gabe White 0-0: Ball
1-0: Ball
2-0: Foul Ball, location: 2F
2-1: SINGLE (Groundball, 25, EV 74.4 MPH) (infield hit)
Stu Sornson scores
Robert Watson to third
Corey Trevor to second
Batting: RHB Stephen Charbonneau 0-0: Ball
1-0: Ball
2-0: Called Strike
2-1: Swinging Strike
2-2: Foul Ball, location: 2F
2-2: Hit by Pitch
Robert Watson scores
Corey Trevor to third
Gabe White to second
Batting: SHB Scott Scott 0-0: Called Strike
0-1: Foul Ball, location: 2F
0-2: Foul Ball, location: 2F
0-2: Foul Ball, location: 2F
0-2: Foul Ball, location: 2F
0-2: Ball
1-2: Ball
2-2: Ball
3-2: Base on Balls
Corey Trevor scores
Gabe White to third
Stephen Charbonneau to second
Batting: SHB Dan Hill 0-0: Ball
1-0: Called Strike
1-1: Ball
2-1: GRAND SLAM HOME RUN (Flyball, 78XD, EV 97.5 MPH), Distance : 394 ft
Pitching: RHP Matt Peck
Batting: RHB Chang-wei Jiang 0-0: Ground out U3 (Groundball, 34, EV 83.1 MPH)
Batting: LHB Stu Sornson 0-0: Ground out 5-3 (Groundball, 56, EV 100.0 MPH)
Bottom of the 4th over - 7 runs, 3 hits, 0 errors, 0 left on base; Charlotte 1 - Columbus 7
TOP OF THE 5TH
Charlotte Knights batting - Pitching for Columbus Clippers : RHP Roberto Reyes
Batting: LHB Adam Tarbutton 0-0: SINGLE (Groundball, 6M, EV 104.4 MPH) (infield hit)
Batting: RHB Micah Brown 0-0: Ball
Adam Tarbutton steals 2nd base (no throw)
1-0: Ground out U3 (Groundball, 34, EV 108.1 MPH)
Adam Tarbutton to third
Batting: RHB Kikuo Sato 0-0: Ball
1-0: Ball
2-0: Foul Ball, location: 2F
2-1: Ball
3-1: Ground out 4-3 (Groundball, 4MD, EV 103.1 MPH)
Adam Tarbutton scores
Batting: RHB Danny Longoria 0-0: Ground out 6-3 (Groundball, 6S, EV 86.2 MPH)
Top of the 5th over - 1 run, 1 hit, 0 errors, 0 left on base; Charlotte 2 - Columbus 7
BOTTOM OF THE 5TH
Columbus Clippers batting - Pitching for Charlotte Knights : RHP Matt Peck
Batting: LHB Robert Watson 0-0: Ball
1-0: Ball
2-0: Foul Ball, location: 2F
2-1: Ball
3-1: Base on Balls
Batting: LHB Corey Trevor 0-0: Called Strike
Robert Watson steals 2nd base
0-1: Fly out, F9 (Flyball, 89S, EV 97.5 MPH)
Batting: LHB Jack Bell 0-0: Ball
1-0: Ball
2-0: Called Strike
Robert Watson is caught stealing 3rd base 2-5
2-1: Fly out, F7 (Flyball, 7LD, EV 107.5 MPH)
Bottom of the 5th over - 0 runs, 0 hits, 0 errors, 0 left on base; Charlotte 2 - Columbus 7
TOP OF THE 6TH
Charlotte Knights batting - Pitching for Columbus Clippers : RHP Roberto Reyes
Batting: LHB John Thurman 0-0: Called Strike
0-1: Ball
1-1: Called Strike
1-2: Ball
2-2: Fly out, F8 (Line Drive, 8LD, EV 86.2 MPH)
Batting: LHB Carlos Ramirez 0-0: Called Strike
0-1: Foul Ball, location: 2F
0-2: Ball
1-2: Ball
2-2: Strikes out swinging, 2-3 out at first.
Batting: LHB Jason Bell 0-0: Foul Ball, location: 2F
0-1: Called Strike
0-2: Strikes out swinging
Top of the 6th over - 0 runs, 0 hits, 0 errors, 0 left on base; Charlotte 2 - Columbus 7
BOTTOM OF THE 6TH
Columbus Clippers batting - Pitching for Charlotte Knights : RHP Matt Peck
Batting: LHB Gabe White 0-0: Ball
1-0: Called Strike
1-1: SINGLE (Flyball, 4D, EV 90.0 MPH)
Batting: RHB Stephen Charbonneau 0-0: Called Strike
0-1: Called Strike
Gabe White steals 2nd base (no throw)
0-2: Ball
1-2: Ball
2-2: Fly out, F8 (Flyball, 8LS, EV 95.0 MPH)
Batting: SHB Scott Scott 0-0: Ground out 4-3 (Groundball, 4, EV 100.0 MPH)
Gabe White to third
Batting: SHB Dan Hill 0-0: Ball
1-0: Foul Ball, location: 2F
1-1: Foul Ball, location: 2F
1-2: Ground out 3-1 (Groundball, 34, EV 90.0 MPH)
Bottom of the 6th over - 0 runs, 1 hit, 0 errors, 1 left on base; Charlotte 2 - Columbus 7
TOP OF THE 7TH
Charlotte Knights batting - Pitching for Columbus Clippers : RHP Roberto Reyes
Now at 1B: Scott Scott
Now at 2B: Jason Sher
Batting: RHB Ron Johansen 0-0: Ball
1-0: Swinging Strike
1-1: Called Strike
1-2: Foul Ball, location: 2F
1-2: Ground out 2-3 (Groundball, 13S, EV 71.9 MPH)
Batting: RHB Steve Waltenbery 0-0: Swinging Strike
0-1: Ball
1-1: Ball
2-1: Foul Ball, location: 2F
2-2: Strikes out looking
Batting: LHB Adam Tarbutton 0-0: Called Strike
0-1: Foul Ball, location: 2F
0-2: Ball
1-2: Strikes out swinging
Top of the 7th over - 0 runs, 0 hits, 0 errors, 0 left on base; Charlotte 2 - Columbus 7
BOTTOM OF THE 7TH
Columbus Clippers batting - Pitching for Charlotte Knights : RHP Matt Peck
Batting: RHB Chang-wei Jiang 0-0: Ball
1-0: Foul Ball, location: 2F
1-1: Foul Ball, location: 2F
1-2: Fly out, F6 (Line Drive, 6, EV 70.6 MPH)
Batting: LHB Stu Sornson 0-0: Ball
1-0: SOLO HOME RUN (Flyball, 9LD, EV 100.6 MPH), Distance : 386 ft
Batting: LHB Robert Watson 0-0: Ball
1-0: Ball
2-0: Ball
3-0: Base on Balls
Batting: LHB Corey Trevor 0-0: Ball
1-0: Called Strike
1-1: Called Strike
1-2: Foul Ball, location: 2F
1-2: Fly out, F7 (Flyball, 7, EV 87.5 MPH)
Pitching: LHP Bobby Martin
Batting: LHB Jack Bell 0-0: Called Strike
0-1: Called Strike
0-2: Ground out 4-3 (Groundball, 4, EV 93.8 MPH)
Bottom of the 7th over - 1 run, 1 hit, 0 errors, 1 left on base; Charlotte 2 - Columbus 8
TOP OF THE 8TH
Charlotte Knights batting - Pitching for Columbus Clippers : RHP Roberto Reyes
Batting: RHB Micah Brown 0-0: Swinging Strike
0-1: Ball
1-1: Ball
2-1: Foul Ball, location: 2F
2-2: Strikes out swinging
Pitching: LHP Jason Breeden
Batting: RHB Kikuo Sato 0-0: Fly out, F8 (Flyball, 89M, EV 80.0 MPH)
Batting: RHB Danny Longoria 0-0: Ball
1-0: Foul Ball, location: 2F
1-1: Ground out 6-3 (Groundball, 6, EV 101.9 MPH)
Top of the 8th over - 0 runs, 0 hits, 0 errors, 0 left on base; Charlotte 2 - Columbus 8
BOTTOM OF THE 8TH
Columbus Clippers batting - Pitching for Charlotte Knights : LHP Bobby Martin
Batting: RHB Jason Sher 0-0: Called Strike
0-1: Swinging Strike
0-2: Strikes out swinging
Batting: RHB Stephen Charbonneau 0-0: Ball
1-0: Foul Ball, location: 2F
1-1: Ball
2-1: Foul Ball, location: 2F
2-2: Hit by Pitch
Pitching: RHP Freddy Barahona
Batting: SHB Scott Scott 0-0: Ball
Stephen Charbonneau is caught stealing 2nd base 2-6
1-0: Ball
2-0: Called Strike
2-1: Foul Ball, location: 2F
2-2: Ball
3-2: Foul Ball, location: 2F
3-2: Fly out, F3 (Line Drive, 34D, EV 66.2 MPH)
Bottom of the 8th over - 0 runs, 0 hits, 0 errors, 0 left on base; Charlotte 2 - Columbus 8
TOP OF THE 9TH
Charlotte Knights batting - Pitching for Columbus Clippers : LHP Jason Breeden
Batting: LHB John Thurman 0-0: Ball
1-0: Called Strike
1-1: Ball
2-1: Foul Ball, location: 2F
2-2: Strikes out looking
Batting: LHB Carlos Ramirez 0-0: Ground out 4-3 (Groundball, 4M, EV 106.2 MPH)
Batting: LHB Jason Bell 0-0: Foul Ball, location: 2F
0-1: Ball
1-1: Ball
2-1: Called Strike
2-2: Ball
3-2: Strikes out swinging
Top of the 9th over - 0 runs, 0 hits, 0 errors, 0 left on base; Charlotte 2 - Columbus 8
Tuesday, March 28th , 2023 - OOTP Baseball 23.10 Build 110